[Event "*** Titled Tuesday 3|2 Blitz"]
[Site "Chess.com"]
[Date "2015.01.27"]
[Round "1"]
[White "Max_Schachmann"]
[Black "WanderingPuppet"]
[Result "1-0"]
[WhiteElo "2408"]
[BlackElo "2108"]
[TimeControl "180+2"]
[EndTime "11:09:45 PST"]
[Termination "Max_Schachmann won by resignation"]

1. e4 c5 2. Nf3 d6 3. Nc3 a6 4. d4 cxd4 5. Nxd4 Nf6 6. h3 e6 7. g4 Be7 8. g5 Nfd7 9. h4 h6 10. g6 O-O 11. gxf7+ Rxf7 12. Nxe6 Qb6 13. Qd4 Nc5 14. Bc4 Nc6 15. Qe3 Ne5 16. Bb3 Ng4 17.
Nd5 Nxe3 18. Nxb6 Nxb3 19. Bxe3 Nxa1 20. Nd4 Rb8 21. Kd2 Bd8 22. Nd5 Bd7 23. Rxa1 Rc8 24. h5 Kh7 25. b3 Bg5 26. f4 Bd8 27. Rg1 Ba5+ 28. c3 Bd8 29. Kd3 a5 30. a4 Rb8 31. c4 b6 32. f5 Bf6 33. Nf4 Be5 34. Ng6 Be8 35. Nf3 Rd8 36. Ke2 Rb8 37. Kd3 Rd8 38.
Ke2 Bf6 39. Nd2 Bc6 40. Bxb6 Re8 41. Kd3 Rb8 42. Bxa5 Bg5 43. Rb1 Re8 44. Re1 Rb8 45. Kc2 Re8 46. e5 dxe5 47. Rxe5 Rxe5 48. Nxe5 Rf6 49.
Bd8 Rd6 50. Bxg5 hxg5 51. Nf7 Rd4 52. Nxg5+ Kh6 53. Ne6 Rh4 54. b4 Kxh5 55. b5 Bg2 56.
Nxg7+ Kg5 57. a5 Kf6 58. Ne6 Kxf5 59. Nc7 Ke5 60. c5 Ra4 61. a6 Ra5 62. Nc4+ Kd4 63. Nxa5 Kxc5 64. Nc6 Kb6 65. a7 Bxc6 66. bxc6 Kxa7 67.
Nd5 Ka6 68. Kc3 Kb5 69. c7 Ka6 70. c8=Q+ 1-0

[Event "*** Titled Tuesday 3|2 Blitz"]
[Site "Chess.com"]
[Date "2015.01.27"]
[Round "1"]
[White "megarompa"]
[Black "bugsbunny444"]
[Result "1-0"]
[WhiteElo "2643"]
[BlackElo "2261"]
[TimeControl "180+2"]
[EndTime "11:09:49 PST"]
[Termination "megarompa won by checkmate"]

1. d4 e6 2. Nf3 d5 3. c4 c6 4. Nc3 Nf6 5. Bg5 Nbd7 6. e3 Qa5 7.
Bxf6 Nxf6 8. Bd3 Bd6 9. O-O O-O 10. e4 dxc4 11. Bxc4 e5 12. dxe5 Bxe5 13. Qc2 Bxc3 14. bxc3 Ng4 15. h3 Ne5 16. Nxe5 Qxe5 17. Rae1 Be6 18. Bb3 Rad8 19. f4 Qc5+ 20. Kh2 Bc4 21. Rf3 b5 22. e5 Rfe8 23. Qf5 g6 24. Qg5 a5 25. f5 Bxb3 26. axb3 Rd5 27. fxg6 hxg6 28.
Qf6 Qe7 29. Qxc6 Rxe5 30. Ref1 Rc5 31. Qa6 Qc7+ 32. Kh1 Re7 33. c4 bxc4 34. bxc4 Rxc4 35. Qb5 Rc1 36. Qd5 Rxf1+ 37. Rxf1 Qe5 38. Qc6 Kg7 39. Qa4 Rb7 40. Qa2 Re7 41. Qa4 Rb7 42. Qc2 Re7 43. Qd2 Qe2 44. Qd4+ Qe5 45. Qd2 a4 46. Qb4 Ra7 47. Qb6 Qa5 48. Qd4+ Kh7 49. Rf4 Qe1+ 50.
Kh2 Ra5 51. Rxf7+ Kh6 52. Qh8+ Kg5 53. Qf6+ Kh6 54. Qf4+ Kh5 55. Rh7# 1-0

[Event "*** Titled Tuesday 3|2 Blitz"]
[Site "Chess.com"]
[Date "2015.01.27"]
[Round "1"]
[White "BeerLag"]
[Black "Tilicheev_Viacheslav"]
[Result "0-1"]
[WhiteElo "2199"]
[BlackElo "2505"]
[TimeControl "180+2"]
[EndTime "11:10:10 PST"]
[Termination "Tilicheev_Viacheslav won on time"]

1. e4 c5 2. Nf3 d6 3. d4 cxd4 4. Nxd4 Nf6 5. Nc3 Nc6 6. f3 g6 7. Be3 Bg7 8. Bc4 O-O 9. Qd2 Bd7 10. Bb3 Rc8 11. Nxc6 Bxc6 12. O-O-O b5 13. Bh6 a5 14.
Bxg7 Kxg7 15. a3 a4 16. Ba2 Qb6 17. Qd4 Qxd4 18. Rxd4 Rb8 19. Rhd1 Rfc8 20. g3 Nd7 21. Bd5 Bxd5 22. Nxd5 Kf8 23. Kb1 Nc5 24. Nb4 h5 25.
Re1 f6 26. f4 Kf7 27. e5 dxe5 28. fxe5 f5 29. h3 Rd8 30. Rf4 Ne6 31. Rf2 Rbc8 32. g4 hxg4 33. hxg4 f4 34. g5 Rc4 35. Nd3 Rdd4 36.
Rg1 Ng7 37. Rg4 Nh5 38. Rf3 Ke6 39. c3 Kf5 40. Rg1 Re4 41. Rh3 Rc8 42. Kc1 Rd8 43.
Rf1 Ng7 44. Rh4 Ne6 45. Nf2 Kxg5 46. Rh7 Re2 47. Rxe7 Nc5 48. Nh3+ Kg4 49. Nxf4 Nb3+ 50. Kb1 Rh2 51. Rg7 Rdd2 52. Rxg6+ Kf5 53. Rf6+ Kxe5 54.
Re6+ Kf5 0-1

[Event "*** Titled Tuesday 3|2 Blitz"]
[Site "Chess.com"]
[Date "2015.01.27"]
[Round "1"]
[White "AkshatChandra"]
[Black "KingOfConvenience"]
[Result "0-1"]
[WhiteElo "1927"]
[BlackElo "2368"]
[TimeControl "180+2"]
[EndTime "11:10:18 PST"]
[Termination "KingOfConvenience won by resignation"]

1. e4 c5 2. Nf3 a6 3. c3 e6 4. d4 d5 5. exd5 exd5 6. Bd3 c4 7. Bc2 Bd6 8. O-O Ne7 9. b3 cxb3 10. axb3 Nbc6 11.
Re1 h6 12. Qd3 Bg4 13. Ne5 Bxe5 14. dxe5 Bf5 15. Qd1 Qd7 16. Nd2 d4 17. Nc4 Bxc2 18. Qxc2 O-O 19. Ba3 Qe6 20. Rad1 Rfd8 21. Bd6 dxc3 22.
Qxc3 b5 23. Nb6 Ra7 24. Qf3 a5 25. h3 Rb7 26. Nd5 Nxd5 27. Rxd5 Rdd7 28. Red1 Ne7 29. Bxe7 Rxd5 30. Qxd5 Qxe7 31. Qd8+ Qxd8 32. Rxd8+ Kh7 33. Ra8 Kg6 34. Rxa5 Kf5 35. Kf1 Kxe5 36. Ke2 Kd4 37.
Kd2 g6 38. Ra8 Re7 39. Rb8 Kc5 40. Kc3 Re2 41. b4+ Kc6 42. Rc8+ Kb7 43. Rh8 h5 44. f4 Rxg2 45. Rh7 Rg3+ 46. Kd4 Rxh3 47. Rxf7+ Kc8 48. Kc5 Rf3 49. Kxb5 g5 50. f5 g4 51. f6 g3 52.
Rg7 h4 53. Kc6 Rxf6+ 54. Kc5 Rh6 55. b5 h3 56. Rg8+ Kd7 57. Rg7+ Ke8 58. Rg8+ Kf7 59. Rxg3 h2 60. Rf3+ Ke7 61. Rf1 h1=Q 62. Rxh1 Rxh1 63. Kc6 Rc1+ 64. Kb7 Kd7 65. b6 Rb1 66. Ka7 Kc6 67.
b7 Rxb7+ 0-1

[Event "*** Titled Tuesday 3|2 Blitz"]
[Site "Chess.com"]
[Date "2015.01.27"]
[Round "1"]
[White "samhawkins"]
[Black "EltajSafarli"]
[Result "0-1"]
[WhiteElo "2346"]
[BlackElo "2298"]
[TimeControl "180+2"]
[EndTime "11:10:19 PST"]
[Termination "EltajSafarli won by resignation"]

1. e4 c5 2. Nf3 e6 3. d4 cxd4 4. Nxd4 Nc6 5. Nc3 Qc7 6. Be2 Nf6 7. Be3 a6 8. O-O Bb4 9. Nxc6 bxc6 10. f4 e5 11.
fxe5 Qxe5 12. Bd4 Bc5 13. Bxc5 Qxc5+ 14. Kh1 O-O 15. Rf5 Qb4 16. e5 d6 17. a3 Qc5 18.
Rxf6 gxf6 19. exd6 Bf5 20. Bd3 Bg6 21. Ne4 Qe5 22.
Qf3 f5 23. Ng5 Qxd6 24. h4 Qf6 25. Rf1 h6 26. Nh3 Qxh4 27. Bxf5 Kg7 28. Qc3+ Qf6 29. Qg3 Kh7 30. Bd3 Qg7 31. Qf3 Rae8 32. Nf4 Qxb2 33.
Nh5 Re6 34. Nf6+ Kg7 35. Nh5+ Kh8 36. Nf4 Rf6 37. Qh3 Bxd3 38. cxd3 Qe5 39. Qh4 Rg8 40. Rf3 Re8 41. Kh2 Qg5 42. Qf2 Rg8 43. g3 Qe5 44.
Qg2 Re8 45. Qh3 Qb2+ 46. Ng2 Rxf3 47. Qxh6+ Kg8 48. Qh5 Qf6 49. Qg4+ Kf8 50. Qb4+ Re7 51. Qb8+ Kg7 52. Nh4 0-1

[Event "*** Titled Tuesday 3|2 Blitz"]
[Site "Chess.com"]
[Date "2015.01.27"]
[Round "1"]
[White "AUSSIE_PINOY"]
[Black "AnthonyWirig"]
[Result "0-1"]
[WhiteElo "2213"]
[BlackElo "2521"]
[TimeControl "180+2"]
[EndTime "11:11:22 PST"]
[Termination "AnthonyWirig won by resignation"]

1. d4 Nf6 2. Nf3 b6 3. c4 Bb7 4. a3 g6 5. Nc3 Bg7 6. d5 e6 7. Bg5 h6 8. Bh4 exd5 9. cxd5 O-O 10. e3 c6 11. d6 Qe8 12. Qc2 Qe6 13. Rd1 c5 14. Be2 Ne4 15. Be7 Re8 16. O-O Nxc3 17. bxc3 Be4 18. Qa4 Nc6 19. Nd2 Nxe7 20. Nxe4 Nf5 21.
Bd3 a6 22. c4 Be5 23. Bb1 Nxd6 24. Nxd6 Bxd6 25. Qb3 Be5 26. g3 Rab8 27. Rd5 d6 28. Rfd1 b5 29. Qd3 bxc4 30. Qxc4 Rb2 31. Qd3 Reb8 32. h4 h5 33. Qe4 Qh3 34. Rxe5 dxe5 35.
Bd3 Qe6 36. Bc4 Qf6 37. Rf1 Kg7 38. Qd5 Rb1 39. Qxc5 Rxf1+ 40. Bxf1 Rb2 41. e4 Rd2 42. Qe3 Qd6 43. Kg2 a5 44. a4 Qd4 45. Qf3 Rb2 46.
Bb5 Qd6 47. Bc4 Qf6 48. Qe3 Rb4 49. Bb5 Rd4 50. Qc3 Qd8 51. Qf3 Qd6 52. Qe3 Qc5 53. Qf3 Rd2 54. Be8 Qe7 55. Bb5 Qf6 56. Qe3 Rb2 57.
Bc4 Rb8 58. Bd5 Rb4 59. Qa3 Kh7 60. Qa2 Kg8 61. Qa3 Kg7 62. Qa2 Qe7 63. Qd2 Rxa4 64. Qc3 Rb4 65. Qc6 a4 66. Qa6 Rd4 67. Qa8 Qf6 68. Qa5 Qd6 69. Qa8 Qe7 70. Qa5 Qf6 71.
Qa8 Rd2 72. Qa7 a3 73. Qe3 Rb2 74. Kh3 a2 75. Qa3 Qxf2 0-1

[Event "*** Titled Tuesday 3|2 Blitz"]
[Site "Chess.com"]
[Date "2015.01.27"]
[Round "1"]
[White "SidArun"]
[Black "Tomsel"]
[Result "0-1"]
[WhiteElo "1807"]
[BlackElo "2301"]
[TimeControl "180+2"]
[EndTime "11:12:01 PST"]
[Termination "Tomsel won by resignation"]

1. e4 c5 2. c3 d5 3. exd5 Qxd5 4.
d4 cxd4 5. cxd4 Nc6 6. Nf3 Bg4 7. Nc3 Bxf3 8. Nxd5 Bxd1 9. Nc7+ Kd8 10. Nxa8 Bh5 11. Bf4 e5 12. dxe5 Bb4+ 13. Bd2 Nge7 14. Bb5 Bxd2+ 15.
Kxd2 Kd7 16. Nb6+ axb6 17. f4 Kc7 18. Rac1 Rd8+ 19. Ke1 Bg6 20. Ke2 Kb8 21. Bxc6 Nxc6 22. g4 Be4 23. Rhd1 Rxd1 24. Rxd1 h5 25. Ke3 Bc2 26.
Rc1 Bh7 27. gxh5 Ne7 28. Rg1 Kc7 29. Ke2 Nf5 30. Rc1+ Kd7 31. Rd1+ Ke7 32. Rc1 Kd7 33. Rd1+ Kc6 34. Rc1+ Kd7 35. b4 Nd4+ 36. Kf2 Ne6 37. Ke3 Nc7 38. Rd1+ Ke6 39. Rg1 Ne8 40. h4 Bf5 41. h6 gxh6 42. Rg8 Ke7 43. Kd4 h5 44. Rg5 Bg4 45. f5 Nc7 46. Rg7 Bxf5 47. Rg8 Ne6+ 48.
Ke3 Nd8 49. Kf4 Bg4 50. Ke4 Kd7 51. Rg7 Ke6 52. Rg5 Nc6 53. b5 Nb4 54. Rg8 Kd7 55.
Kd4 Nxa2 56. Ra8 Nb4 57. Ra7 Kc7 58. Ra8 Be6 59. Rh8 Bg4 60. Rh7 Be6 61. Rxh5 Nc2+ 62. Kc3 Ne3 63. Rg5 Kd7 64. h5 Nf5 65. Kd3 Ke7 66. Ke4 Nh6 67. Rg1 Ng4 68. Kf4 Nh6 69.
Kg5 Nf5 70. h6 Kf8 71. Kf6 Nxh6 72. Rc1 Ng4+ 73. Kg5 Ne3 74. Rc7 Bd5 75. Kf4 Nc4 76.
Kf5 Ke8 77. Kf6 Kd8 78. Re7 Na3 79. Rxf7 Bxf7 80. Kxf7 Nc4 81. e6 Nd6+ 82. Kf6 Ke8 83. Ke5 Nxb5 84. Kd5 Nc7+ 85. Kd6 b5 86. Kc5 Ke7 0-1

[Event "*** Titled Tuesday 3|2 Blitz"]
[Site "Chess.com"]
[Date "2015.01.27"]
[Round "1"]
[White "TomsKantans"]
[Black "wonderfultime"]
[Result "1/2-1/2"]
[WhiteElo "2250"]
[BlackElo "2542"]
[TimeControl "180+2"]
[EndTime "11:13:02 PST"]
[Termination "Game drawn by repetition"]

1. e4 c5 2. Nf3 Nc6 3. Bb5 g6 4. O-O Bg7 5. Re1 Nf6 6. e5 Nd5 7. Nc3 Nc7 8. Bxc6 dxc6 9. Ne4 b6 10. Nf6+ Kf8 11. Ne4 h6 12. d3 Bg4 13. h3 Bxf3 14. Qxf3 Ne6 15. c3 Qd5 16. a4 a5 17. Nd2 Qxf3 18.
Nxf3 Rd8 19. d4 cxd4 20. cxd4 Nxd4 21. Nxd4 Rxd4 22. Be3 Rb4 23. Rad1 Bxe5 24. Bd2 Bxb2 25. Bxb4 axb4 26. Rd7 Bf6 27. Rb7 Kg7 28. Rxb6 Ra8 29. Rxc6 Rxa4 30. Rb1 Be5 31. Rc4 Bd6 32. Rc2 h5 33.
Kf1 Ra8 34. Ke2 h4 35. Rb3 Ra5 36. Rc4 Re5+ 37. Kf3 Rf5+ 38. Ke2 Bc5 39. Rf3 Re5+ 40. Kd3 g5 41. Re4 Rd5+ 42. Kc4 e6 43. g3 Be7 44. gxh4 gxh4 45. Rg4+ Kf8 46. Rgf4 f5 47. Kb3 Kf7 48. Rc4 Rd1 49. Re3 Rb1+ 50. Ka2 Rf1 51. Rc2 Kf6 52.
Rce2 Bc5 53. Rxe6+ Kg5 54. R6e5 Bxf2 55. Kb3 Bd4 56. Rd5 Bc3 57. Rg2+ Kf4 58. Rc5 Rb1+ 59. Ka2 Ra1+ 60. Kb3 Rf1 61. Rc4+ Kf3 62. Rg5 f4 63. Rg4 Ke3 64. Rxh4 f3 65. Rhe4+ Kd3 66. Rf4 Rb1+ 67. Ka4 Ra1+ 68. Kb5 Ke2 69. Rce4+ Kf2 70. Re8 Bd2 71. Rf5 b3 72. Ref8 Ra5+ 73. Kc4 Rxf5 74. Rxf5 b2 75. Rb5 Bc1 76. Kd3 Kg2 77. Kc2 Kxh3 78. Rb8 Kg2 79. Rg8+ Kf1 80. Rf8 f2 81. Rg8 Ke2 82. Re8+ Be3 83. Rf8 Bd4 84. Re8+ Kf1 85. Rf8 Be5 86. Rf5 Bd4 87. Rf8 Kg2 88. Rg8+ Kh3 89. Rf8 Kg3 90. Rg8+ Kh3 91. Rf8 Kg3 92. Rg8+ Kh2 93. Rf8 Kg1 94. Rg8+ Kf1 95. Rf8 Bg7 96. Rf7 Bd4 97. Rf8 1/2-1/2

[Event "*** Titled Tuesday 3|2 Blitz"]
[Site "Chess.com"]
[Date "2015.01.27"]
[Round "2"]
[White "pKiLz5Rn9b"]
[Black "alturas_pacificas"]
[Result "1-0"]
[WhiteElo "2275"]
[BlackElo "2121"]
[TimeControl "180+2"]
[EndTime "11:17:55 PST"]
[Termination "pKiLz5Rn9b won by resignation"]

1. e4 c6 2. d4 d5 3. Nc3 dxe4 4.
Nxe4 Nd7 5. Nf3 Ngf6 6. Nxf6+ Nxf6 7. Bd3 Bg4 8. c3 e6 9. O-O Bd6 10. h3 Bh5 11. Bg5 O-O 12. Be2 h6 13. Bh4 Bg6 14. Ne5 Bxe5 15. dxe5 Qxd1 16. Raxd1 Nd5 17. Bd3 Bxd3 18. Rxd3 f6 19. exf6 gxf6 20. Re1 Kf7 21. c4 Nb6 22. Re4 Rad8 23. Rf3 Rd1+ 24. Kh2 f5 25. g4 Rd2 26. gxf5 Rxb2 27. fxe6+ Ke8 28. Rxf8+ Kxf8 29. e7+ Ke8 30. Rg4 Rxf2+ 31. Bxf2 Kxe7 32. Bxb6 axb6 33. Kg3 Kd6 34. Rg7 Kc5 35. Rxb7 b5 36.
cxb5 cxb5 37. Kg4 Kb4 38. Kh5 Ka4 39. Kxh6 b4 40. Kg5 Ka3 41. h4 Kxa2 42. h5 b3 43. h6 b2 44. h7 b1=Q 45. Rxb1 Kxb1 1-0

[Event "*** Titled Tuesday 3|2 Blitz"]
[Site "Chess.com"]
[Date "2015.01.27"]
[Round "2"]
[White "GulamaliRises"]
[Black "lestri"]
[Result "0-1"]
[WhiteElo "2326"]
[BlackElo "2242"]
[TimeControl "180+2"]
[EndTime "11:18:18 PST"]
[Termination "lestri won by resignation"]

1. Nf3 c5 2. g3 g6 3. Bg2 Bg7 4. O-O Nc6 5. e4 d6 6. h3 e5 7. Re1 Nge7 8. d3 O-O 9. Nc3 h6 10. Nd2 Be6 11. Nd5 f5 12. c3 Bf7 13. f4 fxe4 14. dxe4 exf4 15. gxf4 Nxd5 16. exd5 Ne7 17.
Nc4 Nf5 18. a4 Re8 19. Bd2 Qf6 20. Qg4 b6 21. Kf2 Kh7 22. Kg1 Rad8 23. Kh2 Re7 24.
Rxe7 Nxe7 25. Ne3 h5 26. Qf3 Nf5 27. Nxf5 Qxf5 28. Re1 Re8 29. Rxe8 Bxe8 30. Qe4 Qxe4 31. Bxe4 Bxa4 32. Kg2 Bd7 33. Be1 Bf6 34. Kg3 b5 35. Bd3 c4 36. Be4 a5 37. Kg2 Kg7 38. Kg3 Kf7 39.
Kg2 a4 40. Kg3 b4 0-1

[Event "*** Titled Tuesday 3|2 Blitz"]
[Site "Chess.com"]
[Date "2015.01.27"]
[Round "2"]
[White "andryusha"]
[Black "AkshatChandra"]
[Result "0-1"]
[WhiteElo "2033"]
[BlackElo "2102"]
[TimeControl "180+2"]
[EndTime "11:19:06 PST"]
[Termination "AkshatChandra won by resignation"]

1. e4 c5 2. Nf3 e6 3. d4 cxd4 4. Nxd4 Nc6 5. Nc3 Qc7 6. Be3 a6 7. Bd3 Nf6 8. f4 d6 9. g4 Nxd4 10. Bxd4 e5 11. Be3 Bxg4 12. Qd2 Be7 13. f5 b5 14. a3 Qc6 15. Qg2 Bxf5 16. Nd5 Bg6 17. h4 Nxd5 18. exd5 Qb7 19. h5 Bxd3 20. Qxg7 O-O-O 21. cxd3 Qxd5 22. O-O-O Rdg8 23. Qh6 Rg2 24. Rhg1 Qc6+ 0-1

[Event "*** Titled Tuesday 3|2 Blitz"]
[Site "Chess.com"]
[Date "2015.01.27"]
[Round "2"]
[White "diokletian"]
[Black "TomsKantans"]
[Result "1-0"]
[WhiteElo "2327"]
[BlackElo "2231"]
[TimeControl "180+2"]
[EndTime "11:19:24 PST"]
[Termination "diokletian won by resignation"]

1. d4 Nf6 2. c4 g6 3. Nc3 d5 4.
Bg5 Ne4 5. Nxe4 dxe4 6. Qd2 Bg7 7. e3 c5 8. Ne2 Nc6 9. d5 Ne5 10. Nc3 f5 11. Be2 O-O 12. d6 Qxd6 13. Nd5 Qe6 14.
Nc7 Qc6 15. Nxa8 Be6 16. Bxe7 Rxa8 17. O-O Nxc4 18. Bxc4 Bxc4 19. Rfc1 b5 20. a4 Re8 21. axb5 Qxb5 22. Rxa7 Qb6 23. Qd7 Bb5 24. Qd5+ Kh8 25. Bxc5 Qb8 26. Bd4 1-0

[Event "*** Titled Tuesday 3|2 Blitz"]
[Site "Chess.com"]
[Date "2015.01.27"]
[Round "2"]
[White "silverback96"]
[Black "GasconJR"]
[Result "1-0"]
[WhiteElo "2030"]
[BlackElo "1964"]
[TimeControl "180+2"]
[EndTime "11:19:31 PST"]
[Termination "silverback96 won by resignation"]

1. d4 Nf6 2. c4 e6 3. g3 Bb4+ 4.
Bd2 Qe7 5. Nf3 Nc6 6. Nc3 Bxc3 7.
Bxc3 Ne4 8. Rc1 d6 9. d5 Nxc3 10. Rxc3 Ne5 11. Nxe5 dxe5 12. Re3 Qb4+ 13. Qd2 Qxd2+ 14.
Kxd2 f6 15. f4 exf4 16. gxf4 Kf7 17. Bg2 Re8 18. Rg1 e5 19. fxe5 Rxe5 20. Rxe5 fxe5 21. Rf1+ Ke7 22. Rf3 Bd7 23. Rb3 Rb8 24. c5 Bf5 25.
Ra3 a6 26. b4 e4 27. Re3 Rd8 28. Bxe4 Bxe4 29. Rxe4+ Kf6 30. Re6+ Kf7 31. e4 c6 32. Re5 Kf6 33. Rf5+ Ke7 34. d6+ Ke6 35. Ke3 g6 36. Rf1 h6 37. Kd4 Re8 38. e5 Kd7 39. Rf7+ Kd8 1-0

[Event "*** Titled Tuesday 3|2 Blitz"]
[Site "Chess.com"]
[Date "2015.01.27"]
[Round "2"]
[White "wonderfultime"]
[Black "chorejason"]
[Result "1-0"]
[WhiteElo "2543"]
[BlackElo "1955"]
[TimeControl "180+2"]
[EndTime "11:19:31 PST"]
[Termination "wonderfultime won by resignation"]

1. c4 Nf6 2. Nc3 g6 3. g3 Bg7 4. Bg2 O-O 5. Nf3 c5 6. O-O Nc6 7. d3 d6 8. Rb1 Bg4 9. Bd2 Qd7 10. Re1 Nd4 11. Nxd4 cxd4 12. Nb5 Nh5 13. b4 a6 14. Na3 f5 15. f3 f4 16. fxg4 fxg3 17.
gxh5 gxh2+ 18. Kh1 Rf2 19. Rf1 Raf8 20. Bf3 Rxf1+ 21.
Qxf1 g5 22. Qg2 h6 23. Rf1 Qa4 24. Bd5+ Kh8 25. Rxf8+ Bxf8 26. Qf1 Bg7 27. Bc1 Bf6 28. Kxh2 Qxb4 29. Kg2 Qc3 30. Qf5 Qxc1 31. Qc8+ 1-0

[Event "*** Titled Tuesday 3|2 Blitz"]
[Site "Chess.com"]
[Date "2015.01.27"]
[Round "2"]
[White "MinhGTrAn"]
[Black "Danirod"]
[Result "1/2-1/2"]
[WhiteElo "2446"]
[BlackElo "2327"]
[TimeControl "180+2"]
[EndTime "11:19:59 PST"]
[Termination "Game drawn by repetition"]

1. d4 Nf6 2. Bg5 d5 3. Bxf6 exf6 4. e3 c6 5. Nd2 Bd6 6. g3 Nd7 7. Bg2 f5 8. Ne2 Nf6 9. O-O Ne4 10. Rc1 Be6 11. Nf4 O-O 12. c4 Bxf4 13. cxd5 Nxd2 14. Qxd2 Bxd5 15. Bxd5 Qxd5 16. gxf4 Qxa2 17. Rc5 g6 18. Qb4 Rab8 19. Ra5 Qe6 20. Rxa7 Qd5 21. Rc1 b6 22.
Qc4 Qf3 23. Qxc6 Qg4+ 24. Qg2 Qe2 25. Rcc7 Rbc8 26. Qd5 Rxc7 27. Rxc7 Qg4+ 28. Kf1 Qd1+ 29. Kg2 Qg4+ 30. Kf1 Qd1+ 31. Kg2 Qg4+ 32. Kh1 Qd1+ 33. Kg2 Qg4+ 34. Kh1 Qd1+ 35. Kg2 Qg4+ 36. Kf1 Qd1+ 37. Kg2 Qg4+ 1/2-1/2

[Event "*** Titled Tuesday 3|2 Blitz"]
[Site "Chess.com"]
[Date "2015.01.27"]
[Round "2"]
[White "iFrancisco"]
[Black "megarompa"]
[Result "0-1"]
[WhiteElo "2398"]
[BlackElo "2661"]
[TimeControl "180+2"]
[EndTime "11:20:00 PST"]
[Termination "megarompa won by resignation"]

1. e4 e5 2. Nf3 Nc6 3. Bb5 g6 4.
c3 d6 5. d4 Bd7 6. Ba4 Bg7 7.
O-O Nf6 8. Re1 O-O 9. dxe5 Nxe5 10. Nxe5 Bxa4 11. Qxa4 dxe5 12. f3 c6 13. Be3 Qc7 14.
Nd2 Rfd8 15. Rad1 a5 16. Nf1 b5 17. Qc2 Nd7 18. Qf2 Rab8 19. Rd2 Nf8 20. Red1 Rxd2 21.
Nxd2 Ne6 22. Nb3 Bf8 23. Nc5 Bxc5 24. Bxc5 Rd8 25. Rxd8+ Qxd8 26. h3 Qd3 27. Kh2 h5 28. Be3 a4 29. Qd2 Qxd2 30. Bxd2 Kf8 31. Kg1 Ke7 32. Kf2 h4 33. Be3 Kd6 34. Ke2 Nf4+ 35. Bxf4 exf4 36. Kd3 c5 37. b3 axb3 38. axb3 Ke5 39.
c4 b4 40. Ke2 Kd4 41. Kd2 f6 0-1

[Event "*** Titled Tuesday 3|2 Blitz"]
[Site "Chess.com"]
[Date "2015.01.27"]
[Round "2"]
[White "WanderingPuppet"]
[Black "stepanosinovsky"]
[Result "1-0"]
[WhiteElo "2119"]
[BlackElo "2236"]
[TimeControl "180+2"]
[EndTime "11:20:21 PST"]
[Termination "WanderingPuppet won by checkmate"]

1. e4 e5 2. Nf3 Nc6 3. Bb5 a6 4.
Ba4 Nf6 5. O-O Be7 6. Re1 b5 7.
Bb3 O-O 8. a4 Bb7 9. Nc3 b4 10.
Nd5 Na5 11. Ba2 Nxd5 12. Bxd5 c6 13. Ba2 d6 14. d3 Qc7 15. Bd2 c5 16. c3 Nc6 17.
Rc1 a5 18. Bd5 Qb6 19. Be3 Kh8 20. Nd2 f5 21. exf5 Rxf5 22. Be4 Raf8 23. Qg4 g6 24. Bh6 R8f7 25. Nf3 bxc3 26. bxc3 Rh5 27. Bg5 Bf8 28. Qe6 Qc7 29. Bf6+ Bg7 30. Qe8+ Rf8 31. Qxf8# 1-0

[Event "*** Titled Tuesday 3|2 Blitz"]
[Site "Chess.com"]
[Date "2015.01.27"]
[Round "2"]
[White "Malev212"]
[Black "PauloCesarCosta"]
[Result "1-0"]
[WhiteElo "1946"]
[BlackElo "2036"]
[TimeControl "180+2"]
[EndTime "11:20:40 PST"]
[Termination "Malev212 won by resignation"]

1. e4 e6 2. d3 c5 3. Nf3 Nc6 4. g3 g6 5. Bg2 Bg7 6. O-O Nge7 7. c3 O-O 8. Re1 d6 9. Nbd2 Rb8 10. h4 b5 11. a3 a5 12. Nf1 b4 13. axb4 axb4 14. Bd2 Qb6 15. h5 Ba6 16. h6 Bh8 17. Qe2 bxc3 18. bxc3 Ne5 19. Nxe5 Bxe5 20. Ne3 Qb5 21. Nc4 Rfd8 22. Nxe5 dxe5 23. Bg5 Rb7 24. c4 Qe8 25. Rxa6 Nc6 26. Bxd8 Nd4 27. Qa2 Qxd8 28. Ra8 Rb8 29. Rxb8 Qxb8 30. Rb1 Qf8 31. Qd2 f6 32. Rb7 g5 33. Rg7+ Kh8 34. Qa2 1-0

[Event "*** Titled Tuesday 3|2 Blitz"]
[Site "Chess.com"]
[Date "2015.01.27"]
[Round "2"]
[White "zmaj23"]
[Black "162a54f5d"]
[Result "0-1"]
[WhiteElo "2180"]
[BlackElo "2274"]
[TimeControl "180+2"]
[EndTime "11:20:48 PST"]
[Termination "162a54f5d won by resignation"]

1. e4 e5 2. Nc3 Nf6 3. Bc4 Nc6 4. d3 Bc5 5. f4 d6 6. Nf3 Bg4 7. f5 Na5 8. h3 Bxf3 9. Qxf3 h6 10. g4 Nxc4 11. dxc4 Qd7 12. h4 O-O-O 13. Bd2 h5 14. g5 Ng4 15. Nd5 Bf2+ 16. Ke2 a6 17.
a4 c6 18. Ne3 Bxe3 19. Bxe3 d5 20. cxd5 cxd5 21. Bb6 Qc6 22. Bxd8 Qxc2+ 23. Ke1 Rxd8 24. Qc3+ Qxc3+ 25. bxc3 dxe4 26. Ke2 Rd3 27. Rhd1 Re3+ 28.
Kf1 Rf3+ 29. Kg2 Ne3+ 30. Kg1 Nxd1 31. Rxd1 Rxf5 32. Rd5 f6 33. gxf6 gxf6 34. Kg2 Rf4 35. Rd6 Kc7 36. Rd2 Rxh4 37. a5 Rg4+ 38. Kh3 Rf4 39.
Re2 f5 40. Kg3 Rf3+ 41. Kg2 Rxc3 0-1

[Event "*** Titled Tuesday 3|2 Blitz"]
[Site "Chess.com"]
[Date "2015.01.27"]
[Round "2"]
[White "LADIESGET2KNOWME"]
[Black "ChessWarrior7197"]
[Result "0-1"]
[WhiteElo "2296"]
[BlackElo "2155"]
[TimeControl "180+2"]
[EndTime "11:21:02 PST"]
[Termination "ChessWarrior7197 won by checkmate"]

1. d4 Nf6 2. Nc3 d5 3. Bg5 Nbd7 4. Nf3 e6 5. e4 dxe4 6. Nxe4 Be7 7. Bxf6 Nxf6 8. Bd3 O-O 9. Qe2 h6 10. O-O-O a5 11.
g4 Nd5 12. Qd2 a4 13. a3 Bd7 14. h4 b5 15. c3 Bc6 16. Ne5 Qe8 17. g5 h5 18.
Rhg1 g6 19. Ng3 Kg7 20. Be2 Rh8 21. Rdf1 Bd6 22. f4 Ne7 23. Bd3 Bd5 24. Ne4 Bxe4 25. Bxe4 Rd8 26. Qg2 c5 27. Rd1 cxd4 28. cxd4 b4 29.
axb4 Bxb4 30. d5 exd5 31. Bc2 a3 32. b3 Bc3 33. Bb1 Rc8 34. Nd3 Bd4+ 35. Kd2 Nf5 36. Rde1 Bc3+ 37. Kd1 Bxe1 38. Rxe1 Ne3+ 39. Rxe3 Qxe3 40.
f5 gxf5 41. Qxd5 Rhe8 42. Qxf5 Qe2# 0-1

[Event "*** Titled Tuesday 3|2 Blitz"]
[Site "Chess.com"]
[Date "2015.01.27"]
[Round "2"]
[White "Tilicheev_Viacheslav"]
[Black "Kacparov"]
[Result "1-0"]
[WhiteElo "2510"]
[BlackElo "2366"]
[TimeControl "180+2"]
[EndTime "11:21:13 PST"]
[Termination "Tilicheev_Viacheslav won by resignation"]

1. e4 c5 2. Nf3 e6 3. b3 b6 4. Bb2 Bb7 5. e5 d6 6. exd6 Nf6 7. Na3 Bxd6 8. Nc4 Bc7 9. Bd3 Nc6 10.
a3 Ne7 11. O-O Ng6 12. Nce5 O-O 13. Nxg6 hxg6 14. Re1 Qd5 15. Bxf6 gxf6 16. Be4 Qxe4 17. Rxe4 Bxe4 18. d3 Bb7 19. Nd2 Kg7 20. Qe2 Rh8 21.
h3 Rad8 22. Re1 Rd5 23. Ne4 Re5 24. Qd2 Rh4 25. Qc3 Rf5 26. f3 Be5 27. Qd2 Bd4+ 28. Kh2 Rd5 29. b4 f5 30. Ng5 Bf6 31. f4 Rd4 32. g3 Rh8 33. bxc5 bxc5 34. Qa5 c4 35. Qc7 Bd5 36. Qxf7+ Kh6 37. Qxf6 Rg8 38. Qf7 Rg7 39. Qf8 1-0

[Event "*** Titled Tuesday 3|2 Blitz"]
[Site "Chess.com"]
[Date "2015.01.27"]
[Round "2"]
[White "vovkcoach"]
[Black "jcibarra"]
[Result "0-1"]
[WhiteElo "2454"]
[BlackElo "2443"]
[TimeControl "180+2"]
[EndTime "11:21:27 PST"]
[Termination "jcibarra won by resignation"]

1. d4 Nf6 2. c4 d6 3. Nc3 e5 4.
Nf3 e4 5. Ng5 Qe7 6. g3 h6 7. Nh3 c6 8. Bg2 Bf5 9. O-O Qd7 10. Nf4 g5 11. f3 exf3 12. Rxf3 gxf4 13. Rxf4 Nh5 14. Rf2 Bg6 15. e4 Bg7 16. Be3 Nf6 17. h3 Qe7 18. Qf3 Nbd7 19. b4 O-O 20. Re1 Rfe8 21. Bd2 Nh7 22. Qd3 Ng5 23. h4 Ne6 24. Ne2 c5 25. bxc5 dxc5 26. d5 Ne5 27. Qc2 Nd4 28.
Nxd4 cxd4 29. c5 Rac8 30. Bb4 Ng4 31. d6 Qd8 32. Rf4 Ne3 33. Qb3 Re5 34. Bh3 Rcxc5 35. Bxc5 Rxc5 36. d7 Rc7 37. Qb5 a6 38. Qd3 Rc3 39.
Qb1 d3 40. Rxe3 Bd4 41. Rf3 d2 42. Kf2 Bxe3+ 43. Rxe3 Rc1 0-1

[Event "*** Titled Tuesday 3|2 Blitz"]
[Site "Chess.com"]
[Date "2015.01.27"]
[Round "2"]
[White "jbj"]
[Black "BeerLag"]
[Result "0-1"]
[WhiteElo "2239"]
[BlackElo "2208"]
[TimeControl "180+2"]
[EndTime "11:21:31 PST"]
[Termination "BeerLag won on time"]

1. Nf3 d5 2. g3 Bf5 3. Bg2 Nf6 4.
O-O e6 5. d3 h6 6. c3 c6 7.
Nbd2 Nbd7 8. Re1 Bh7 9. a4 Bc5 10.
b4 Bb6 11. a5 Bc7 12. a6 b6 13. c4 O-O 14. Bb2 Rc8 15. Qa4 Bd6 16. e4 dxe4 17. dxe4 Be7 18. e5 b5 19. cxb5 cxb5 20. Qxb5 Rb8 21. Qc6 Rb6 22. Qc1 Nd5 23. Bd4 Rxb4 24.
Bxa7 Qa8 25. Bd4 Rc8 26. Qd1 Rc6 27. Qe2 g5 28. h3 Nc5 29. Bxc5 Bxc5 30. Rec1 Ba7 31.
Rxc6 Qxc6 32. Nh2 Rb2 33. Nhf1 Kg7 34. Be4 Bxe4 35. Qxe4 Qc3 36. Rd1 Qc5 37. Qf3 Qd4 38. Qe2 Nc3 39. Qf3 Nxd1 40. Qf6+ Kg8 0-1